 Dungeon Crawl Stone Soup version 0.22.1-1-ga44c0e5 (webtiles) character file.

80 nightchill the Ruffian (level 4, -1/38 HPs)
             Began as a Ghoul Warper on Oct 30, 2018.
             Slain by a phantom (7 damage)
             ... on level 4 of the Dungeon.
             The game lasted 00:06:55 (1817 turns).

nightchill the Ruffian (Ghoul Warper)               Turns: 1817, Time: 00:06:56

Health: -1/38      AC:  4    Str: 15    XL:     4   Next: 39%
Magic:  5/5        EV: 12    Int:  8    God:
Gold:   58         SH:  0    Dex:  8    Spells: 4/6 levels left

rFire    . . .     SeeInvis .     - Unarmed
rCold    + . .     Gourm    .   (no shield)
rNeg     + + +     Faith    .   o - +2 robe {MR+}
rPois    ∞         Spirit   .   (no helmet)
rElec    .         Reflect  .   (no cloak)
rCorr    .         Harm     .   (no gloves)
MR       +....                  (no boots)
Stlth    +.........             (no amulet)
HPRegen  0.00/turn              (no ring)
MPRegen  0.09/turn              (no ring)

@: rotting
A: rotting body, claws 1, carnivore, cold resistance 1, negative energy
resistance 3, inhibited regeneration, torment resistance, unbreathing
a: no special abilities


You were on level 4 of the Dungeon.
You were not hungry.

You visited 1 branch of the dungeon, and saw 4 of its levels.

You collected 58 gold pieces.

Inventory:

Missiles
 b - 146 stones (quivered)
 d - 5 tomahawks of dispersal
 h - 36 arrows
 j - 5 curare-tipped needles
 k - 6 tomahawks
Armour
 a - a +0 leather armour
 o - a +2 robe of magic resistance (worn)
Wands
 r - a wand of polymorph (12)
 s - a wand of flame (31)
Scrolls
 c - a scroll of blinking
 e - a scroll of immolation {unknown}
 g - a scroll of magic mapping {unknown}
 l - a scroll of teleportation {unknown}
 m - a scroll of noise {unknown}
 p - a scroll of identify {unknown}
Potions
 i - 2 potions of curing {unknown}
 q - a potion of mutation {unknown}
Comestibles
 f - 6 rations


   Skills:
 + Level 3.3 Fighting
 - Level 0.8 Throwing
 - Level 0.8 Armour
 - Level 1.7 Dodging
 * Level 4.2 Unarmed Combat
 - Level 1.7 Spellcasting
 - Level 2.6 Translocations


You had 4 spell levels left.
You knew the following spells:

 Your Spells              Type           Power        Failure   Level  Hunger
a - Blink                 Tloc           N/A          19%         2    ###....

Your spell library contained the following spells:

 Spells                   Type           Power        Failure   Level  Hunger
 Shroud of Golubria       Chrm/Tloc      #.........   32%         2    ###....
 Gell's Gravitas          Tloc           #.........   36%         3    ####...
 Lesser Beckoning         Tloc           #.........   36%         3    ####...
 Teleport Other           Tloc           #.......     36%         3    ####...
 Passage of Golubria      Tloc           N/A          77%         4    #####..


Dungeon Overview and Level Annotations

Branches:
Dungeon (5/15)
 Temple: D:4-7

Altars:


Innate Abilities, Weirdness & Mutations

Your body is rotting away.
You thrive on raw meat.
You are immune to poison.
You have sharp fingernails.
You are carnivorous and can eat meat at any time.
Your flesh is cold resistant. (rC+)
You are immune to negative energy. (rN+++)
You do not regenerate when monsters are visible.
You are immune to unholy pain and torment.
You can survive without breathing.


Message History

Okay, then.
Evoke which item? (* to show all) (? for menu, Esc to quit)
Aiming: Polymorph
Press: ? - help, Shift-Dir - straight line, f - phantom
Aim: a phantom (moderately damaged, chance to defeat MR: 28%)
The phantom is unaffected.
Evoke which item? (* to show all) (? for menu, Esc to quit)
Aiming: Polymorph
Press: ? - help, Shift-Dir - straight line, f/p - phantom
Aim: a phantom (moderately damaged, chance to defeat MR: 28%)
The phantom is unaffected.
Evoke which item? (* to show all) (? for menu, Esc to quit)
Aiming: Polymorph
Press: ? - help, Shift-Dir - straight line, f/p - phantom
Aim: a phantom (moderately damaged, chance to defeat MR: 28%)
The phantom is unaffected.
You barely miss the phantom.
The phantom is moderately damaged.
The phantom hits you!
You die...

.####.#
#§# .#
#.####.##
.#
........>#
.#
.#######§#
># #.# ..
#.# #.#
#.#######
#....W@.#
#.#####.#
...# .#
###.# .#
#.. .# ...
.# ... .#
.. .#


You could see a phantom.

Vanquished Creatures
  An adder (D:2)
  An ooze (D:2)
  A worm (D:2)
  A dart slug (D:1)
  2 leopard geckos
  An orc (D:4)
  A ball python (D:1)
  3 giant cockroaches
  10 goblins
  6 hobgoblins
  4 jackals (D:1)
  5 kobolds (D:1)
  A quokka (D:2)
  6 bats
  2 frilled lizards
  12 rats
57 creatures vanquished.

Notes
Turn   | Place    | Note
-------+----------+-------------------------------------------
     0 | D:1      | nightchill the Ghoul Warper began the quest for the Orb.
     0 | D:1      | Reached XP level 1. HP: 17/17 MP: 2/2
    90 | D:1      | Reached XP level 2. HP: 14/25 MP: 3/3
   199 | D:1      | Learned a level 2 spell: Blink
   211 | D:1      | Reached skill level 3 in Unarmed Combat
   491 | D:1      | Reached XP level 3. HP: 24/30 MP: 4/4
  1237 | D:2      | Reached skill level 4 in Unarmed Combat
  1237 | D:2      | Reached XP level 4. HP: 34/38 MP: 5/5
  1589 | D:2      | You fall through a shaft for 2 floors!
  1591 | D:4      | Noticed a phantom
  1784 | D:5      | Entered Level 5 of the Dungeon
  1788 | D:5      | Noticed a centaur
  1817 | D:4      | Slain by a phantom

Skill      XL: |  1  2  3 |
---------------+----------+-----
Unarmed Combat | 3 4 |  4.2
Fighting       | 3 |  3.3
Throwing       | |  0.8
Armour         | |  0.8
Dodging        | |  1.7
Spellcasting   | |  1.7
Translocations | |  2.6

Action                   |  1- 3 |  4- 6 || total
-------------------------+-------+-------++-------
Melee: Unarmed           |   151 |    69 ||   220
Evoke: Wand              |       |     3 ||     3
  Eat: Chunk             |    13 |     9 ||    22
Armor: Leather armour    |    45 |       ||    45
       Robe              |       |    21 ||    21
Dodge: Dodged            |    96 |    49 ||   145
